 Dungeon Crawl Stone Soup version 0.23-a0-550-g7de1f8ee9f (webtiles) character file.

926 Manul the Cutter (level 7, 0/55 HPs)
             Began as a Demonspawn Gladiator on Dec 8, 2018.
             Was an Initiate of Gozag.
             Slain by Erica
             ... wielding a +0 scimitar of flaming
              (2 damage)
             ... on level 8 of the Dungeon.
             The game lasted 00:08:05 (5044 turns).

Manul the Cutter (Demonspawn Gladiator)             Turns: 5044, Time: 00:08:06

Health: 0/55       AC: 10    Str: 14    XL:     7   Next: 85%
Magic:  0/16       EV: 12    Int:  9    God:    Gozag
Gold:   89         SH:  0    Dex: 17    Spells: 6/6 levels left

rFire    . . .     SeeInvis .   a - +0 rapier
rCold    . . .     Gourm    .   (no shield)
rNeg     . . .     Faith    .   s - +0 ring mail
rPois    +         Spirit   +   c - +0 helmet
rElec    .         Reflect  .   j - scarf {Spirit}
rCorr    +         Harm     .   g - +0 pair of gloves
MR       .....                  (no boots)
Stlth    ++........             (no amulet)
HPRegen  0.18/turn              i - ring of resist corrosion
MPRegen  0.15/turn              h - ring "Voapevis" {rCorr rPois MP+9}

@: slowed, very slow
A: talons 1, molten scales 2, rot immunity
a: Potion Petition, Call Merchant, Bribe Branch, Renounce Religion


You were on level 8 of the Dungeon.
You worshipped Gozag.
Gozag was noncommittal.
You were not hungry.

You visited 1 branch of the dungeon, and saw 6 of its levels.
You also visited: Ossuary.

You collected 197 gold pieces.
You spent 36 gold pieces at shops.
You paid 72 gold pieces to Gozag.

Inventory:

Hand Weapons
 a - a +0 rapier (weapon)
 d - a +3 dire flail of protection
Armour
 c - a +0 helmet (worn)
 g - a +0 pair of gloves (worn)
 j - a scarf of spirit shield (worn)
 s - a +0 ring mail (worn)
Jewellery
 h - the ring "Voapevis" (right hand) {rCorr rPois MP+9}
   (You found it on level 4 of the Dungeon)

   [ring of resist corrosion]

   It protects you from poison.
   It affects your magic capacity (+9).
 i - a ring of resist corrosion (left hand)
Wands
 x - a wand of iceblast (6)
Scrolls
 l - a scroll of blinking
 m - 2 scrolls of identify
 o - 3 scrolls of teleportation
 t - a scroll of fear
 u - 2 scrolls of remove curse
 v - 3 scrolls of enchant armour {unknown}
Potions
 e - 3 potions of resistance
 k - 2 potions of brilliance
 n - 2 potions of lignification
 p - 2 potions of curing
 q - 2 potions of agility
 r - a potion of magic
 w - a potion of flight
 z - a potion of berserk rage
Comestibles
 f - 4 rations


   Skills:
 + Level 4.9 Fighting
 - Level 5.6 Short Blades
 - Level 1.7 Throwing
 + Level 3.6 Dodging
 * Level 4.5 Stealth


You had 6 spell levels left.
You didn't know any spells.
Your spell library was empty.

Dungeon Overview and Level Annotations

Branches:
Dungeon (5/15)
 Temple: D:4-7

Altars:
Dithmenos
Gozag
Nemelex Xobeh
Vehumet
Wu Jian
The Shining One
Beogh

Shops:
D:4 [[??

Annotations:
D:3 Grinder
D:4 3 runed doors, Shaidar's ghost, amateur DECj
D:8 Erica; Grum


Innate Abilities, Weirdness & Mutations

You have sharp toenails.
You are mostly covered in molten scales. (AC +3)
You are immune to rotting.


Message History

The wolf bites you but does no damage. Something hits you. Something burns you.
The wolf bites you!
* * * LOW HITPOINT WARNING * * *
Okay, then.
Okay, then.
It was a potion of heal wounds.
You feel much better. The wolf misses you.
Something hits you but does no damage. Grum closely misses you.
Something hits you! Something burns you.
You feel better. The wolf bites you but does no damage.
The wolf closely misses you.
Grum hits you from afar with a +1 spear!
* * * LOW HITPOINT WARNING * * *
The wolf bites you.
* * * LOW HITPOINT WARNING * * *
The wolf closely misses you.
The crimson imp blinks!
Grum hits you from afar with a +1 spear!
* * * LOW HITPOINT WARNING * * *
Something hits you.
You die...
Your body crumbles into a pile of gold.

#######.#....#........##
#.......................
#..###.......#..........
..##......##..........
#..........#..........
####.[..ยง#%#..........
#.....#.#..........
#..#...{h#.###.#####..
#....5.@h.# ..# #.
.......###g..###
#..###.. ...# #.# ..
.... ... ....( .... ....
#...# #... ..#.


You could see Grum, 2 wolves and a crimson imp.

Vanquished Creatures
  Edmund (D:4)
  A bullfrog (D:8)
  A crimson imp (D:4)
  7 orc wizards (D:4)
  An orc priest (D:4)
  A gnoll shaman (D:5)
  4 hounds
  An iguana (D:4)
  A hound skeleton (D:4)
  12 mummies (Ossuary)
  4 gnolls
  A howler monkey skeleton (D:4)
  2 adders (D:4)
  2 oozes (D:2)
  An adder skeleton (D:4)
  A worm (D:4)
  3 dart slugs
  A leopard gecko (D:1)
  10 orcs
  2 ball pythons
  2 giant cockroaches
  6 goblins
  2 hobgoblins (D:1)
  2 quokkas
  5 bats
  7 frilled lizards
  2 gnoll skeletons (Ossuary)
  3 goblin skeletons
  2 hobgoblin zombies (D:4)
  A kobold (D:3)
  6 kobold skeletons
  A kobold zombie (D:4)
  2 orc skeletons (Ossuary)
  4 rats
  11 rat skeletons (Ossuary)
113 creatures vanquished.

Notes
Turn   | Place    | Note
-------+----------+-------------------------------------------
     0 | D:1      | Manul the Demonspawn Gladiator began the quest for the Orb.
     0 | D:1      | Reached XP level 1. HP: 16/16 MP: 1/1
   116 | D:1      | Gained mutation: You are partially covered in molten
                  | scales. (AC +2) [demonic ancestry]
   116 | D:1      | Reached XP level 2. HP: 10/22 MP: 2/2
   440 | D:1      | Reached skill level 1 in Stealth
  1292 | D:2      | Gained mutation: You are mostly covered in molten scales.
                  | (AC +3) [demonic ancestry]
  1292 | D:2      | Reached XP level 3. HP: 25/28 MP: 3/3
  1992 | D:3      | Found an ornate altar of the Wu Jian Council.
  2195 | D:3      | Noticed Grinder
  2202 | D:3      | Paralysed by Grinder for 6 turns
  2218 | D:3      | Paralysed by Grinder for 7 turns
  2652 | D:3      | Found a sparkling altar of Nemelex Xobeh.
  2679 | D:3      | Found a shadowy altar of Dithmenos.
  2725 | D:3      | Found a radiant altar of Vehumet.
  2889 | D:4      | Gained mutation: You are immune to rotting. [demonic
                  | ancestry]
  2889 | D:4      | Reached XP level 4. HP: 30/35 MP: 4/4
  2914 | D:4      | Found Gidaomui's Magic Scroll Shop.
  2935 | D:4      | Bought a scroll of teleportation for 36 gold pieces
  2959 | D:4      | Found a glowing golden altar of the Shining One.
  2975 | D:4      | Gained mutation: You have sharp toenails. [demonic
                  | ancestry]
  2975 | D:4      | Reached XP level 5. HP: 40/41 MP: 5/5
  3003 | D:4      | Found Daytrif's Magic Scroll Shop.
  3023 | D:4      | Got a smoking bone ring
  3024 | D:4      | Identified the ring "Voapevis" {rCorr rPois MP+9} (You
                  | found it on level 4 of the Dungeon)
  3040 | D:4      | Found a sand-covered staircase.
  3046 | Ossuary  | Entered an ossuary
  3072 | Ossuary  | Reached skill level 3 in Short Blades
  3457 | Ossuary  | Reached XP level 6. HP: 30/48 MP: 6/6
  3729 | D:4      | Found Xiudd's Armour Emporium.
  3749 | D:4      | Noticed Edmund
  3760 | D:4      | Reached skill level 4 in Short Blades
  3775 | D:4      | Killed Edmund
  3775 | D:4      | Reached XP level 7. HP: 55/55 MP: 7/7
  3836 | D:4      | Found Poegg's Armour Emporium.
  3842 | D:4      | Reached skill level 5 in Short Blades
  4415 | D:4      | Found a runed gate.
  4415 | D:4      | Found a runed gate.
  4416 | D:4      | Found a runed gate.
  4416 | D:4      | Identified the +7 hunting sling of Hennood {freeze, rPois
                  | rC++ Str+2 Int-3}
  4419 | D:4      | Noticed Shaidar's ghost (amateur DECj)
  4420 | D:4      | Found a roughly hewn altar of Beogh.
  4468 | D:5      | Entered Level 5 of the Dungeon
  4483 | D:5      | Found an opulent altar of Gozag.
  4557 | D:5      | Became a worshipper of Gozag Ym Sagoz the Greedy
  4995 | D:5      | You fall through a shaft for 3 floors!
  5019 | D:8      | Noticed Erica
  5039 | D:8      | Noticed Grum
  5044 | D:8      | HP: 2/55 [Grum/+1 spear (7)]
  5044 | D:8      | Slain by Erica

Vault maps used:
D:1:      scummos_arrival_forest, serial_co_window_serial,
          co_window_of_opportunity_a, co_window_paths_a, co_window_paths_a,
          co_window_paths_a, co_window_corner_a, co_window_of_opportunity_b,
          co_window_cross_4, co_window_unsneaky_path_d, co_window_broadway_b,
          minivault_24, minmay_misc_feat_rows
D:2:      first_ration
D:3:      nicolae_overflow_quartered_altars, uniq_grinder
D:4:      nicolae_tso_besieged_by_evil, serial_shops, nicolae_shop_statue_plus,
          shop_scrolls, shop, shop, nicolae_ossuary_entry_plus,
          biasface_ghost_orc_armoury, minmay_strange_pillars, minmay_between,
          uniq_edmund
D:5:      grunt_gozag_statues, nicolae_ru_the_path_less_chosen,
          minmay_splitting_lines, minmay_fractal_squares_gapless_5
D:8:      hangedman_pestilent_swarm, lemuel_flame_loot_1, uniq_erica, uniq_grum
Ossuary:  ossuary_due_small_catacomb

Skill      XL: |  1  2  3  4  5  6  7 |
---------------+----------------------+-----
Stealth        | 1 2 3 4 |  4.5
Fighting       | 3 4 |  4.9
Short Blades   | 3 4 5 |  5.6
Dodging        | 3 |  3.6
Throwing       | |  1.7

Action                   |  1- 3 |  4- 6 |  7- 9 || total
-------------------------+-------+-------+-------++-------
Melee: Rapier            |   122 |   185 |   106 ||   413
       Kick              |       |    52 |    38 ||    90
Throw: Throwing net      |     1 |     2 |       ||     3
Evoke: Wand              |       |       |     1 ||     1
  Use: Scroll            |     7 |     5 |     2 ||    14
       Potion            |     3 |     1 |     3 ||     7
 Stab: Sleeping          |     2 |     1 |     1 ||     4
       Distracted        |       |       |     1 ||     1
  Eat: Chunk             |     5 |     2 |       ||     7
       Ration            |       |     1 |     1 ||     2
Armor: Leather armour    |    13 |       |       ||    13
       Ring mail         |    33 |    40 |    64 ||   137
Dodge: Dodged            |    64 |    80 |    83 ||   227

Table legend:
 A = Non-vault XP
 B = Vault XP
 C = Vault XP percentage of total XP
 D = Non-vault monster count
 E = Vault monster count
 F = Vault count percentage of total count
                 A         B        C        D         E       F
            +---------+---------+-------+---------+---------+-------
      Total |     838 |     485 |  36.7 |      69 |      44 |  38.9
            +---------+---------+-------+---------+---------+-------
        D:1 |      33 |       0 |   0.0 |      19 |       0 |   0.0
        D:2 |      30 |       0 |   0.0 |      11 |       0 |   0.0
        D:3 |      22 |       0 |   0.0 |       9 |       0 |   0.0
        D:4 |     553 |     249 |  31.0 |      25 |      13 |  34.2
        D:5 |      68 |       0 |   0.0 |       3 |       0 |   0.0
        D:8 |     132 |       0 |   0.0 |       2 |       0 |   0.0
    Ossuary |       0 |     236 | 100.0 |       0 |      31 | 100.0
            +---------+---------+-------+---------+---------+-------
